 Dungeon Crawl Stone Soup version 0.26-a0-720-g2a1d101370 (webtiles) character file.

Game seed: 3897012184128199631

36914 Gargoyl the Fighter (level 13, -1/105 HPs)
             Began as a Gnoll Abyssal Knight on Nov 3, 2020.
             Was a High Priest of Lugonu.
             Slain by an eight-headed hydra (2 damage)
             ... while petrified by you
             ... on level 6 of the Lair of Beasts.
             The game lasted 00:23:29 (20415 turns).

Gargoyl the Fighter (Gnoll Abyssal Knight)         Turns: 20415, Time: 00:23:29

Health: -1/105     AC: 17    Str: 25    XL:     13   Next: 93%
Magic:  25/25      EV:  2    Int: 15    God:    Lugonu [*****.]
Gold:   1010       SH:  0    Dex: 17    Spells: 29/29 levels left

rFire    + + +     SeeInvis .   u - +9 dagger of Zyhuder {venom, rElec}
rCold    + + .     Faith    .   v - +2 shield of Resistance {rF++ rC++ MR++}
rNeg     + + +     Spirit   .   i - +0 swamp dragon scales
rPois    ∞         Reflect  .   (no helmet)
rElec    +         Harm     .   w - +1 cloak {MR+}
rCorr    .         Rampage  .   D - +0 pair of gloves
MR       +++..                  d - +2 pair of boots
Stlth    ++++......             (no amulet)
HPRegen  0.27/turn              B - ring "Laebrinn" {rF+ Dex+2}
MPRegen  0.19/turn              n - +6 ring of strength

@: petrified
A: distributed training, fangs 1, strong nose
a: Depart the Abyss, Bend Space, Banish, Corrupt, Enter the Abyss, Renounce
Religion


You were on level 6 of the Lair of Beasts.
You worshipped Lugonu.
Lugonu was extremely pleased with you.
You visited 2 branches of the dungeon, and saw 15 of its levels.
You visited the Abyss 1 time.

You collected 1010 gold pieces.

Inventory:

Hand Weapons
 a - a +3 hand axe
 l - a +3 dagger of electrocution
 u - the +9 dagger of Zyhuder (weapon) {venom, rElec}
   (You found it on level 8 of the Dungeon)

   It poisons the flesh of those it strikes.
   It insulates you from electricity.
 M - the +5 long sword "Giant's Peril" {flame, rF+ Int-3 SInv}
   (You found it on level 4 of the Lair of Beasts)

   It has been specially enchanted to burn those struck by it, causing extra
   injury to most foes and up to half again as much damage against particularly
   susceptible opponents.
   Big, fiery blades are also staple armaments of hydra-hunters.
   It affects your intelligence (-3).
   It protects you from fire.
   It lets you see invisible.
Missiles
 O - 47 poisoned darts (quivered)
Armour
 d - a +2 pair of boots (worn)
 i - +0 swamp dragon scales (worn)
 v - the +2 shield of Resistance (worn) {rF++ rC++ MR++}
   (You found it on level 4 of the Dungeon)

   It greatly protects you from fire.
   It greatly protects you from cold.
   It affects your resistance to hostile enchantments.
 w - a +1 cloak of magic resistance (worn)
 D - a +0 pair of gloves (worn)
Jewellery
 b - an uncursed ring of ice
 c - an uncursed ring of protection from fire
 n - a +6 ring of strength (right hand)
 B - the ring "Laebrinn" (left hand) {rF+ Dex+2}
   (You found it on level 6 of the Dungeon)

   [ring of protection from fire]

   It affects your dexterity (+2).
   It protects you from fire.
Wands
 f - a wand of acid (8)
 y - a wand of iceblast (12)
 A - a wand of flame (38)
 G - a wand of paralysis (10)
 J - a wand of random effects (39)
Scrolls
 k - 2 scrolls of teleportation
 p - 5 scrolls of identify
 q - 2 scrolls of random uselessness {unknown}
 z - 4 scrolls of remove curse
Potions
 e - a potion of cancellation
 g - 5 potions of resistance
 j - 4 potions of curing
 m - 7 potions of brilliance
 o - a potion of stabbing
 r - 2 potions of degeneration {unknown}
 s - 2 potions of haste
 t - a potion of might {unknown}
 x - 3 potions of flight {unknown}
 C - 4 potions of lignification {unknown}
 E - a potion of mutation {unknown}
 F - a potion of heal wounds
 H - a potion of magic {unknown}
 I - a potion of ambrosia {unknown}


   Skills:
 + Level 10.8 Fighting
 + Level 8.7 Short Blades
 + Level 8.7 Long Blades
 + Level 9.9 Axes
 + Level 8.7 Maces & Flails
 + Level 8.7 Polearms
 + Level 8.7 Staves
 + Level 8.7 Slings
 + Level 8.7 Bows
 + Level 8.7 Crossbows
 + Level 8.7 Throwing
 + Level 9.9 Armour
 + Level 9.1 Dodging
 + Level 8.7 Stealth
 + Level 8.7 Shields
 + Level 8.7 Unarmed Combat
 + Level 8.7 Spellcasting
 + Level 7.2 Conjurations
 + Level 7.2 Hexes
 + Level 7.2 Summonings
 + Level 7.2 Necromancy
 + Level 7.2 Translocations
 + Level 7.2 Transmutations
 + Level 7.2 Fire Magic
 + Level 7.2 Ice Magic
 + Level 7.2 Air Magic
 + Level 7.2 Earth Magic
 + Level 7.2 Poison Magic
 + Level 10.5 Invocations
 + Level 8.7 Evocations


You had 29 spell levels left.
You didn't know any spells.
Your spell library contained the following spells:

 Spells                   Type           Power        Failure   Level
 Magic Dart               Conj           ####         1%          1
 Sandblast                Erth           ####..       1%          1
 Blink                    Tloc           N/A          2%          2
 Call Imp                 Summ           ####....     2%          2
 Corpse Rot               Necr/Air       N/A          2%          2
 Passwall                 Tmut/Erth      ####....     2%          2
 Slow                     Hex            ####....     2%          2
 Sublimation of Blood     Necr           ####......   2%          2
 Conjure Flame            Conj/Fire      ####....     5%          3
 Mephitic Cloud           Conj/Pois/Air  ####....     5%          3
 Stone Arrow              Conj/Erth      ####..       5%          3
 Dispel Undead            Necr           ####....     19%         4
 Petrify                  Tmut/Erth      ####....     19%         4
 Agony                    Necr           ####....     45%         5
 Excruciating Wounds      Necr           ####......   45%         5
 Lee's Rapid Deconstruct  Erth           ####......   45%         5


Dungeon Overview and Level Annotations

Branches:
Dungeon (9/15)             Temple (0/1) D:5            Lair (6/6) D:8
 Shoals (0/4) Lair:4       Spider (0/4) Lair:2        Slime (0/5) Lair:5
    Orc: D:9-12

Altars:
Cheibriados
Dithmenos
Kikubaaqudgha
Trog
Jiyva

Annotations:
Lair:6 Josephine, Nessos


Innate Abilities, Weirdness & Mutations

Your experience applies equally to all skills.
You have very sharp teeth.
Your uncanny sense of smell can sniff out nearby items.


Message History

The eight-headed hydra bites you but does no damage.
The eight-headed hydra bites you!
* * * LOW HITPOINT WARNING * * *
The eight-headed hydra bites you!
* * * LOW HITPOINT WARNING * * *
The catoblepas gores you!
* * * LOW HITPOINT WARNING * * *
The eight-headed hydra bites you.
* * * LOW HITPOINT WARNING * * *
The eight-headed hydra bites you but does no damage.
The eight-headed hydra bites you.
* * * LOW HITPOINT WARNING * * *
The eight-headed hydra bites you but does no damage.
The eight-headed hydra bites you.
* * * LOW HITPOINT WARNING * * *
The eight-headed hydra bites you.
* * * LOW HITPOINT WARNING * * *
The eight-headed hydra bites you but does no damage.
The eight-headed hydra bites you.
You die...

.....##................<
.....#..................
...#.###...............#
.##...##...............#
###P..#................#
.#......P..............#
.......................#
...............Y.......#
#....†...#.....D@......#
.......##........§.....#
#......##.........§....#
.........#.............#
#........#.............#
#.......#.............##
#.......###P.......#.##
#.........##.......###
#.........#......#.#


You could see a catoblepas and an eight-headed hydra.

Vanquished Creatures
  Fannar (Lair:1)
  3 hydras
  A catoblepas (Lair:5)
  An alligator (Lair:6)
  2 death yaks
  An oklob plant (Lair:4)
  A manticore (Lair:4)
  3 elephants (Lair:4)
  5 black mambas
  3 torpor snails
  10 cane toads
  Maggie (D:6)
  6 rime drakes
  7 komodo dragons
  A wind drake (Lair:4)
  10 polar bears
  2 raiju (Lair:6)
  18 blink frogs
  A dream sheep (Lair:6)
  A wraith (Lair:5)
  3 redbacks (Lair:2)
  5 basilisks
  3 fire bats (Lair:5)
  A steam dragon (Lair:6)
  2 wyverns
  13 yaks
  4 wargs (Lair:6)
  10 water moccasins
  15 hell hounds (Lair:6)
  An ice beast (D:7)
  A swamp drake (D:8)
  2 sky beasts
  4 phantoms
  11 black bears (Lair:6)
  A necrophage (D:8)
  2 ogres
  3 centaurs
  35 wolves
  7 bullfrogs
  6 killer bees (D:4)
  8 wights
  7 electric eels
  A centaur zombie (D:3)
  A jelly (D:7)
  An orc priest (D:6)
  Crazy Yiuf (D:4)
  A bullfrog skeleton (D:6)
  A gnoll shaman (D:7)
  5 hounds
  3 iguanas
  6 worker ants
  6 hell rats
  2 hound zombies (D:5)
  A hound skeleton (D:5)
  2 mummies (D:8)
  2 worker ant zombies (D:8)
  14 gnolls
  9 adders
  A howler monkey skeleton (D:8)
  4 white imps
  2 ufetubi
  2 oozes
  3 adder skeletons
  4 worms
  4 dart slugs
  4 leopard geckos
  10 orcs
  2 giant cockroaches
  10 goblins
  7 hobgoblins
  11 jackals
  7 kobolds
  6 quokkas
  2 ball pythons
  A ball python skeleton (D:4)
  11 bats
  5 frilled lizards
  A leopard gecko zombie (D:8)
  2 quokka skeletons
  10 rats
387 creatures vanquished.

Vanquished Creatures (others)
  A blink frog (Lair:6)
  An iguana (Lair:6)
  A bush (Lair:6)
  28 fungi
  66 plants
  3 withered plants (D:8)
100 creatures vanquished.

Grand Total: 487 creatures vanquished

Notes
Turn   | Place    | Note
-------+----------+-------------------------------------------
     0 | Abyss:1  | Gargoyl the Gnoll Abyssal Knight began the quest for the
                  | Orb.
     0 | Abyss:1  | Reached XP level 1. HP: 23/23 MP: 3/3
    46 | Abyss:2  | Noticed a smoke demon
    52 | D:1      | Escaped the Abyss
   258 | D:1      | Reached XP level 2. HP: 25/29 MP: 5/5
   386 | D:1      | Reached * piety under Lugonu
  1159 | D:2      | Reached XP level 3. HP: 30/35 MP: 6/6
  1412 | D:2      | Found a snail-covered altar of Cheibriados.
  1426 | D:2      | Reached skill level 1 in Short Blades
  1426 | D:2      | Reached skill level 1 in Long Blades
  1426 | D:2      | Reached skill level 1 in Maces & Flails
  1426 | D:2      | Reached skill level 1 in Polearms
  1426 | D:2      | Reached skill level 1 in Staves
  1426 | D:2      | Reached skill level 1 in Slings
  1426 | D:2      | Reached skill level 1 in Bows
  1426 | D:2      | Reached skill level 1 in Crossbows
  1426 | D:2      | Reached skill level 1 in Throwing
  1426 | D:2      | Reached skill level 1 in Stealth
  1426 | D:2      | Reached skill level 1 in Shields
  1426 | D:2      | Reached skill level 1 in Unarmed Combat
  1426 | D:2      | Reached skill level 1 in Spellcasting
  1426 | D:2      | Reached skill level 1 in Evocations
  1619 | D:2      | Reached XP level 4. HP: 38/41 MP: 7/7
  2035 | D:3      | Reached skill level 1 in Conjurations
  2035 | D:3      | Reached skill level 1 in Hexes
  2035 | D:3      | Reached skill level 1 in Summonings
  2035 | D:3      | Reached skill level 1 in Necromancy
  2035 | D:3      | Reached skill level 1 in Translocations
  2035 | D:3      | Reached skill level 1 in Transmutations
  2035 | D:3      | Reached skill level 1 in Fire Magic
  2035 | D:3      | Reached skill level 1 in Ice Magic
  2035 | D:3      | Reached skill level 1 in Air Magic
  2035 | D:3      | Reached skill level 1 in Earth Magic
  2035 | D:3      | Reached skill level 1 in Poison Magic
  2046 | D:3      | Reached ** piety under Lugonu
  2205 | D:3      | Found a faded altar of an unknown god.
  2455 | D:3      | Reached XP level 5. HP: 47/47 MP: 8/8
  2864 | D:4      | Noticed a sky beast
  2881 | D:4      | Killed a sky beast
  2881 | D:4      | Reached skill level 5 in Invocations
  2881 | D:4      | Reached XP level 6. HP: 53/53 MP: 9/9
  2919 | D:4      | Reached skill level 5 in Axes
  2919 | D:4      | Reached skill level 5 in Armour
  2963 | D:4      | Found a runed translucent door.
  2964 | D:4      | Noticed Crazy Yiuf
  3068 | D:4      | Found the +2 shield of Resistance {rF++ rC++ MR++}
  3320 | D:4      | Reached XP level 7. HP: 50/59 MP: 10/10
  3993 | D:4      | Killed Crazy Yiuf
  4053 | D:5      | Entered Level 5 of the Dungeon
  4537 | D:5      | Found a staircase to the Ecumenical Temple.
  4565 | D:5      | Reached XP level 8. HP: 67/67 MP: 12/12
  4569 | D:5      | Got a twisted trident
  4570 | D:5      | Identified the cursed +1 trident "Jidoqaus" {freeze, *Rage
                  | rF+ Int+4} (You found it on level 5 of the Dungeon)
  4640 | D:5      | Reached *** piety under Lugonu
  5632 | D:6      | Got a translucent wooden ring
  5938 | D:7      | Noticed Maggie
  5941 | D:7      | Reached XP level 9. HP: 68/72 MP: 14/14
  5963 | D:6      | Killed Maggie
  6134 | D:7      | Found an ancient bone altar of Kikubaaqudgha.
  6184 | D:7      | Reached skill level 5 in Dodging
  6255 | D:7      | Found a bloodstained altar of Trog.
  6835 | D:8      | Identified the ring "Laebrinn" {rF+ Dex+2} (You found it on
                  | level 6 of the Dungeon)
  6955 | D:8      | Reached **** piety under Lugonu
  7102 | D:8      | Noticed a komodo dragon
  7113 | D:8      | Killed a komodo dragon
  7113 | D:8      | Reached XP level 10. HP: 66/80 MP: 17/17
  7218 | D:8      | Reached skill level 5 in Short Blades
  7218 | D:8      | Reached skill level 5 in Long Blades
  7218 | D:8      | Reached skill level 5 in Maces & Flails
  7218 | D:8      | Reached skill level 5 in Polearms
  7218 | D:8      | Reached skill level 5 in Staves
  7218 | D:8      | Reached skill level 5 in Slings
  7218 | D:8      | Reached skill level 5 in Bows
  7218 | D:8      | Reached skill level 5 in Crossbows
  7218 | D:8      | Reached skill level 5 in Throwing
  7218 | D:8      | Reached skill level 5 in Stealth
  7218 | D:8      | Reached skill level 5 in Shields
  7218 | D:8      | Reached skill level 5 in Unarmed Combat
  7218 | D:8      | Reached skill level 5 in Spellcasting
  7218 | D:8      | Reached skill level 5 in Evocations
  7407 | D:8      | Found a staircase to the Lair.
  7430 | D:8      | Got a dazzling dagger
  7441 | D:8      | Identified the +9 dagger of Zyhuder {venom, rElec} (You
                  | found it on level 8 of the Dungeon)
  7824 | D:8      | Found a shadowy altar of Dithmenos.
  8066 | Lair:1   | Entered Level 1 of the Lair of Beasts
  8201 | Lair:1   | Noticed a cane toad
  8210 | Lair:1   | Killed a cane toad
  9213 | Lair:2   | Found a hole to the Spider Nest.
  9645 | Lair:2   | HP: 1/82 [komodo dragon (23)]
 10083 | Lair:2   | Noticed Fannar
 10084 | Lair:2   | Noticed a death yak
 10100 | Lair:2   | Noticed a death yak
 10108 | Lair:2   | Killed a death yak
 10108 | Lair:2   | Reached XP level 11. HP: 50/87 MP: 19/19
 10616 | Lair:1   | Killed a death yak
 10616 | Lair:1   | Reached skill level 5 in Conjurations
 10616 | Lair:1   | Reached skill level 5 in Hexes
 10616 | Lair:1   | Reached skill level 5 in Summonings
 10616 | Lair:1   | Reached skill level 5 in Necromancy
 10616 | Lair:1   | Reached skill level 5 in Translocations
 10616 | Lair:1   | Reached skill level 5 in Transmutations
 10616 | Lair:1   | Reached skill level 5 in Fire Magic
 10616 | Lair:1   | Reached skill level 5 in Ice Magic
 10616 | Lair:1   | Reached skill level 5 in Air Magic
 10616 | Lair:1   | Reached skill level 5 in Earth Magic
 10616 | Lair:1   | Reached skill level 5 in Poison Magic
 10979 | Lair:1   | Killed Fannar
 11681 | Lair:3   | Noticed a seven-headed hydra
 11692 | Lair:3   | Killed a seven-headed hydra
 12622 | Lair:3   | Reached XP level 12. HP: 89/96 MP: 22/22
 13910 | Lair:4   | Found a staircase to the Shoals.
 14118 | Lair:4   | Got a translucent long sword
 14119 | Lair:4   | Identified the +5 long sword "Giant's Peril" {flame, rF+
                  | Int-3 SInv} (You found it on level 4 of the Lair of Beasts)
 15276 | Lair:5   | Noticed a four-headed hydra
 15494 | Lair:5   | Reached skill level 10 in Fighting
 15686 | Lair:5   | Noticed a catoblepas
 15715 | Lair:5   | Killed a catoblepas
 15719 | Lair:5   | Killed a four-headed hydra
 16314 | Lair:5   | Found a staircase to the Slime Pits.
 16314 | Lair:5   | Found a viscous altar of Jiyva.
 16550 | Lair:6   | Entered Level 6 of the Lair of Beasts
 16559 | Lair:6   | Noticed an eight-headed hydra
 16588 | Lair:6   | Killed an eight-headed hydra
 16588 | Lair:6   | Reached XP level 13. HP: 52/103 MP: 24/24
 16603 | Lair:6   | Reached ***** piety under Lugonu
 17270 | Lair:6   | Reached skill level 10 in Invocations
 18985 | Lair:6   | Noticed Nessos
 18989 | Lair:6   | Noticed Josephine
 20415 | Lair:6   | HP: 4/105 [eight-headed hydra (2)]
 20415 | Lair:6   | HP: 1/105 [eight-headed hydra (2)]
 20415 | Lair:6   | Slain by an eight-headed hydra

Illustrated notes

Levels and vault maps discovered:
D:1:      minmay_arrival_hallway, layout_basic
D:2:      layout_rooms, overflow_temple_1_default, serial_glass,
          glass_columns_a, glass_columns_c, minmay_fractal_squares_gapless_5
D:3:      layout_basic, chequers_ecumenical_altar_island
D:4:      minmay_evil_eye, layout_basic, uniq_crazy_yiuf_cottage
D:5:      layout_basic, minmay_temple_entry_glass, kennysheep_generic_room_12
D:6:      layout_basic, dk_noncrumbling_2
D:7:      layout_cave_pools, kiku_gazebo_garden_becter, basic_altar, uniq_maggie
D:8:      cheibrodos_elevator_heist, layout_loops_ring, grunt_dithmenos_shadows,
          erik_lair_dragon, serial_undead, serial_undead_e, serial_undead_b,
          serial_undead_a, serial_undead_c, hangedman_abyss_or_decor_passed
D:9:      layout_cave_pools, kennysheep_little_box,
          minmay_fractal_squares_gapless_7, uniq_erolcha
Lair:1:   layout_long_grid, serial_bayou_shore_a
Lair:2:   layout_small_grid, spider_nest_entry_webs, serial_bayou_lake_a,
          uniq_fannar
Lair:3:   layout_regular_city
Lair:4:   layout_regular_city, minmay_shoals_entry_beasts, grunt_megastairs_2
Lair:5:   layout_loops_ring, slime_altar_1, nicolae_volcano_entry_batcave
Lair:6:   hangedman_lair_caniforms_friends, layout_cave_pods,
          guppyfry_lair_end_dragon, basic_altar, minmay_shattered_shrine,
          uniq_nessos, uniq_josephine

Skill      XL: |  1  2  3  4  5  6  7  8  9 10 11 12 13 |
---------------+----------------------------------------+-----
Short Blades   | 1 2 3 4 5 6 7 8 |  8.7
Long Blades    | 1 2 3 4 5 6 7 8 |  8.7
Maces & Flails | 1 2 3 4 5 6 7 8 |  8.7
Polearms       | 1 2 3 4 5 6 7 8 |  8.7
Staves         | 1 2 3 4 5 6 7 8 |  8.7
Slings         | 1 2 3 4 5 6 7 8 |  8.7
Bows           | 1 2 3 4 5 6 7 8 |  8.7
Crossbows      | 1 2 3 4 5 6 7 8 |  8.7
Throwing       | 1 2 3 4 5 6 7 8 |  8.7
Stealth        | 1 2 3 4 5 6 7 8 |  8.7
Shields        | 1 2 3 4 5 6 7 8 |  8.7
Unarmed Combat | 1 2 3 4 5 6 7 8 |  8.7
Spellcasting   | 1 2 3 4 5 6 7 8 |  8.7
Evocations     | 1 2 3 4 5 6 7 8 |  8.7
Conjurations   | 1 2 3 4 5 6 7 |  7.2
Hexes          | 1 2 3 4 5 6 7 |  7.2
Summonings     | 1 2 3 4 5 6 7 |  7.2
Necromancy     | 1 2 3 4 5 6 7 |  7.2
Translocations | 1 2 3 4 5 6 7 |  7.2
Transmutations | 1 2 3 4 5 6 7 |  7.2
Fire Magic     | 1 2 3 4 5 6 7 |  7.2
Ice Magic      | 1 2 3 4 5 6 7 |  7.2
Air Magic      | 1 2 3 4 5 6 7 |  7.2
Earth Magic    | 1 2 3 4 5 6 7 |  7.2
Poison Magic   | 1 2 3 4 5 6 7 |  7.2
Dodging        | 3 4 5 6 7 8 9 |  9.1
Invocations    | 5 6 7 8 9 10 | 10.5
Axes           | 5 6 7 8 9 |  9.9
Armour         | 5 6 7 8 9 |  9.9
Fighting       | 7 8 9 10 | 10.8

Action                   |  1- 3 |  4- 6 |  7- 9 | 10-12 | 13-15 || total
-------------------------+-------+-------+-------+-------+-------++-------
Melee: Short sword       |    17 |       |       |       |       ||    17
       Hand axe          |     7 |       |       |       |       ||     7
       Dagger            |    70 |   145 |   372 |   747 |   634 ||  1968
       Bite              |    13 |    16 |    63 |   163 |   126 ||   381
       Punch             |       |     1 |       |       |       ||     1
Throw: Dart              |       |       |       |     2 |       ||     2
Invok: Depart the Abyss  |     1 |       |       |       |       ||     1
       Bend Space        |       |       |       |     3 |       ||     3
       Banish            |       |       |       |     1 |     2 ||     3
Evoke: Wand              |       |       |     1 |       |       ||     1
  Use: Scroll            |     1 |     9 |    10 |     8 |     2 ||    30
       Potion            |       |       |     1 |     6 |     1 ||     8
 Stab: Distracted        |       |     1 |       |       |       ||     1
       Sleeping          |       |       |     5 |     8 |       ||    13
       Petrified         |       |       |       |     2 |       ||     2
Armor: Leather armour    |    16 |       |       |       |       ||    16
       Ring mail         |    41 |    50 |    50 |       |       ||   141
       Plate armour      |       |       |    31 |       |       ||    31
       Swamp dragon scal |       |       |    50 |   180 |   271 ||   501
Dodge: Dodged            |    70 |   112 |   128 |   291 |   421 ||  1022
Block: Kite shield       |       |    25 |   240 |   421 |   551 ||  1237

Table legend: (Time is in decaauts)
 A = Elapsed time spent in this place.
 B = Non-inter-level travel time spent in this place.
 C = Inter-level travel time spent in this place.
 D = Time resting spent in this place.
 E = Time spent auto-exploring this place.
 F = Levels seen in this place.
 G = Mean time per level.
                   A        B        C        D        E       F      G
               +--------+--------+--------+--------+--------+-----+--------+
         Total |  20072 |  19549 |    523 |   5974 |   9678 |  17 | 1180.7 |
       Dungeon |   7956 |   7621 |    335 |    898 |   4970 |   9 |  884.0 |
          Lair |  12064 |  11876 |    188 |   5076 |   4691 |   6 | 2010.7 |
         Abyss |     51 |     51 |      0 |      0 |     17 |   2 |   25.5 |
               +--------+--------+--------+--------+--------+-----+--------+

Top non-repeatable levels by time:
  Lair:5: 2859 daAuts
  Lair:2: 2112 daAuts
  Lair:6: 2046 daAuts
  Lair:4: 1917 daAuts
  Lair:3: 1605 daAuts
  Lair:1: 1521 daAuts
     D:8: 1210 daAuts
     D:4: 1191 daAuts
     D:6: 1170 daAuts
     D:1: 1021 daAuts
     D:3: 1008 daAuts
     D:5: 833 daAuts
     D:2: 769 daAuts
     D:7: 749 daAuts
 Abyss:2: 35 daAuts
